 Dungeon Crawl Stone Soup version 0.22.1-1-ga44c0e5 (webtiles) character file.

224 HoaS the Bolt Thrower (level 6, -3/38 HPs)
             Began as a Gargoyle Hunter on Oct 20, 2018.
             Slain by Crazy Yiuf
             ... wielding a +4 quarterstaff of chaos
              (12 damage)
             ... on level 3 of the Dungeon.
             The game lasted 00:14:07 (3808 turns).

HoaS the Bolt Thrower (Gargoyle Hunter)             Turns: 3808, Time: 00:14:08

Health: -3/38      AC: 10    Str: 17    XL:     6   Next: 0%
Magic:  6/6        EV: 11    Int: 12    God:
Gold:   146        SH:  0    Dex: 10    Spells: 5/5 levels left

rFire    . . .     SeeInvis .     - Unarmed
rCold    . . .     Gourm    .   (no shield)
rNeg     + . .     Faith    .   j - +0 ring mail
rPois    ∞         Spirit   .   p - +0 helmet
rElec    +         Reflect  .   (no cloak)
rCorr    .         Harm     .   (no gloves)
MR       .....                  (no boots)
Stlth    +.........             (no amulet)
HPRegen  0.12/turn              (no ring)
MPRegen  0.10/turn              (no ring)

@: no status effects
A: negative energy resistance 1, electricity resistance, unbreathing,
petrification resistance, rot immunity, AC +4
a: no special abilities


You were on level 3 of the Dungeon.
You were not hungry.

You visited 1 branch of the dungeon, and saw 3 of its levels.

You collected 146 gold pieces.

Inventory:

Hand Weapons
 a - a +3 hand crossbow
 r - a +0 arbalest
Missiles
 d - 20 bolts
Armour
 j - a +0 ring mail (worn)
 m - a +0 chain mail
 p - a +0 helmet (worn)
 s - a +1 scale mail of cold resistance
 x - a +0 leather armour of cold resistance
Jewellery
 i - an uncursed ring of fire {unknown}
 k - an uncursed ring of protection from magic {unknown}
 n - an uncursed amulet of magic regeneration {unknown}
 v - an uncursed amulet of the acrobat {unknown}
 y - a +4 ring of strength {unknown}
Scrolls
 b - a scroll of magic mapping
 t - 2 scrolls of fog
 z - a scroll of enchant armour {unknown}
Potions
 c - 3 potions of brilliance {unknown}
 e - 2 potions of mutation {unknown}
 g - a potion of might {unknown}
 h - a potion of agility {unknown}
 l - a potion of heal wounds {unknown}
 o - 2 potions of flight {unknown}
 q - 2 potions of cancellation {unknown}
 u - a potion of lignification {unknown}
 w - a potion of curing {unknown}
 A - a potion of magic {unknown}
Comestibles
 f - 4 rations


   Skills:
 * Level 3.8 Fighting
 + Level 4.4 Crossbows
 + Level 1.8 Armour
 - Level 1.5 Dodging
 - Level 1.1 Stealth
 * Level 3.7 Unarmed Combat


You had 5 spell levels left.
You didn't know any spells.
Your spell library was empty.

Dungeon Overview and Level Annotations

Branches:
Dungeon (3/15)

Altars:
Gozag
Nemelex Xobeh

Annotations:
D:3 Crazy Yiuf


Innate Abilities, Weirdness & Mutations

You are resistant to torment.
Your stone body is resilient. (AC +4)
You are immune to poison.
You resist negative energy. (rN+)
You are resistant to electric shocks. (rElec)
You can survive without breathing.
You are immune to petrification.
You are immune to rotting.


Message History

You hit Crazy Yiuf.
Crazy Yiuf is moderately wounded.
You hit Crazy Yiuf.
Crazy Yiuf is heavily wounded.
Crazy Yiuf hits you with a quarterstaff of chaos!
Crazy Yiuf freezes you.
* * * LOW HITPOINT WARNING * * *
You barely miss Crazy Yiuf.
Crazy Yiuf is heavily wounded.
Crazy Yiuf barely misses you.
You barely miss Crazy Yiuf.
Crazy Yiuf is heavily wounded.
Crazy Yiuf barely misses you.
You hit Crazy Yiuf.
Crazy Yiuf is severely wounded.
Crazy Yiuf closely misses you.
You hit Crazy Yiuf.
Crazy Yiuf is severely wounded.
Crazy Yiuf hits you with a quarterstaff of chaos!
You die...

#.###.##.#
##.....##
###
#........#
##..)## #
##########
##### # #
#####
############
#..)#
#...........
#...#
#.##########
#.g.# #..#
#@# #.##
♣♣.♣ #.#
♣.♣♣ #.#
♣♣.♣ ###
♣.♣♣ ♣♣.♣♣
♣...♣♣
♣....♣ ###
########
#....# #.#


You could see Crazy Yiuf.

Vanquished Creatures
  A big kobold (D:3)
  Terence (D:2)
  2 orc wizards (D:3)
  A worm (D:3)
  A dart slug (D:1)
  A leopard gecko (D:2)
  9 orcs (D:3)
  9 bats
  3 giant cockroaches
  4 goblins
  6 hobgoblins
  A ball python (D:3)
  5 frilled lizards
  18 kobolds
  A leopard gecko skeleton (D:2)
  12 rats
75 creatures vanquished.

Notes
Turn   | Place    | Note
-------+----------+-------------------------------------------
     0 | D:1      | HoaS the Gargoyle Hunter began the quest for the Orb.
     0 | D:1      | Reached XP level 1. HP: 12/12 MP: 1/1
   273 | D:1      | Reached skill level 1 in Unarmed Combat
   364 | D:1      | Reached XP level 2. HP: 17/17 MP: 2/2
  1308 | D:2      | Reached XP level 3. HP: 21/21 MP: 3/3
  1332 | D:2      | Found an opulent altar of Gozag.
  1333 | D:2      | Found a sparkling altar of Nemelex Xobeh.
  1732 | D:2      | Noticed Terence
  1760 | D:2      | Killed Terence
  1760 | D:2      | Reached XP level 4. HP: 15/27 MP: 4/4
  2086 | D:2      | Found a faded altar of an unknown god.
  2414 | D:3      | Reached skill level 1 in Armour
  2448 | D:3      | Noticed a big kobold
  2465 | D:3      | Killed a big kobold
  2465 | D:3      | Reached XP level 5. HP: 25/32 MP: 5/5
  2946 | D:3      | Found a runed door.
  3294 | D:3      | Reached XP level 6. HP: 12/38 MP: 6/6
  3796 | D:3      | Noticed Crazy Yiuf
  3808 | D:3      | Slain by Crazy Yiuf

Skill      XL: |  1  2  3  4 |
---------------+-------------+-----
Unarmed Combat | 1 2 3 |  3.7
Armour         | 1 |  1.8
Fighting       | 3 |  3.8
Crossbows      | |  4.4
Dodging        | |  1.5
Stealth        | |  1.1

Action                   |  1- 3 |  4- 6 || total
-------------------------+-------+-------++-------
Melee: Unarmed           |   158 |   210 ||   368
       Punch             |     2 |     2 ||     4
 Fire: Hand crossbow     |    10 |     4 ||    14
  Use: Scroll            |     5 |     4 ||     9
 Stab: Sleeping          |     3 |       ||     3
  Eat: Chunk             |     3 |     7 ||    10
Armor: Leather armour    |    45 |       ||    45
       Ring mail         |    13 |   105 ||   118
Dodge: Dodged            |    83 |    98 ||   181
